 Dungeon Crawl Stone Soup version 0.30-a0-50-gb2d611f6b1 (webtiles) character file.

Game seed: 2406008926958398529

147 timneilson the Shield-Bearer (level 5, 0/33 HPs)
             Began as a Gargoyle Fighter on Sept 4, 2022.
             Slain by a black bear (10 damage)
             ... on level 4 of the Dungeon.
             The game lasted 00:04:34 (3117 turns).

timneilson the Shield-Bearer (Gargoyle Fighter)     Turns: 3117, Time: 00:04:35

Health: 0/33       AC: 13    Str: 21    XL:     5   Next: 29%
Magic:  5/5        EV:  9    Int:  9    God:
Gold:   143        SH:  4    Dex:  9    Spells: 4/4 levels left

rFire   . . .      SeeInvis .    a - +1 long sword
rCold   . . .      Faith    .    c - +0 buckler
rNeg    + . .      Spirit   .    b - +0 scale mail
rPois   ∞          Reflect  .    i - +0 helmet
rElec   +          Harm     .    (no cloak)
rCorr   .          Rampage  .    o - +0 pair of gloves
Will    .....                    (no boots)
Stlth   ..........               (no amulet)
HPRegen 0.11/turn                (no ring)
MPRegen 0.09/turn                (no ring)

@: no status effects
A: sickness immunity, AC +4, negative energy resistance 1, electricity
resistance, torment resistance 1, petrification resistance
a: no special abilities


You were on level 4 of the Dungeon.
You visited 1 branch of the dungeon, and saw 4 of its levels.

You collected 143 gold pieces.

Inventory:

Hand Weapons
 a - a +1 long sword (weapon)
Armour
 b - a +0 scale mail (worn)
 c - a +0 buckler (worn)
 i - a +0 helmet (worn)
 o - a +0 pair of gloves (worn)
Jewellery
 m - a ring of fire
 t - the ring "Xierph" {Fire rElec Dex+3 Stlth-}
   (You found it on level 3 of the Dungeon)

   [ring of fire]

   It enhances your fire magic.
   Dex:       It affects your dexterity (+3).
   rF:        It protects you from fire.
   rC:        It makes you vulnerable to cold.
   rElec:     It insulates you from electricity.
   Stlth:     It makes you less stealthy.
 u - a ring of wizardry
Scrolls
 k - a scroll of blinking
 n - a scroll of enchant weapon
 p - a scroll of fear
 s - a scroll of poison {unknown}
Potions
 d - a potion of might
 e - 4 potions of curing
 f - a potion of berserk rage
 g - a potion of cancellation {unknown}
 h - a potion of heal wounds {unknown}
 j - 2 potions of flight
 l - 2 potions of degeneration {unknown}
 q - a potion of invisibility {unknown}
 r - a potion of haste {unknown}
 v - a potion of ambrosia {unknown}


   Skills:
 + Level 3.8 Fighting
 * Level 2.7 Long Blades
 * Level 4.2 Armour
 + Level 1.2 Dodging
 * Level 4.2 Shields


You had 4 spell levels left.
You didn't know any spells.
Your spell library contained the following spells:

 Spells                   Type           Power      Damage    Failure   Level
 Magic Dart               Conj           0%         1d3       80%         1
 Sandblast                Erth           0%         2d4       80%         1
 Call Imp                 Summ           0%         N/A       91%         2
 Passwall                 Tmut/Erth      0%         N/A       91%         2
 Mephitic Cloud           Conj/Pois/Air  0%         N/A       99%         3
 Ozocubu's Armour         Ice            0%         N/A       99%         3
 Stone Arrow              Conj/Erth      0%         3d7       99%         3
 Metabolic Englaciation   Hex/Ice        0%         N/A       100%        5
 Simulacrum               Ice/Necr       0%         N/A       100%        6


Dungeon Overview and Level Annotations

Branches:
Dungeon (4/15)
 Temple: D:4-7

Altars:
Ru


Innate Abilities, Weirdness & Mutations

You are immune to sickness and miasma.
Your stone body is resilient. (AC +4)
You are immune to poison.
You resist negative energy. (rN+)
You are resistant to electric shocks. (rElec)
You are resistant to unholy torment.
You are immune to petrification.


Message History

You slash the black bear!
The black bear is heavily wounded.
The black bear barely misses you.
The black bear claws you but does no damage.
The black bear barely misses you.
The black bear bites you but does no damage.
The black bear closely misses you.
The black bear claws you but does no damage.
You hit the black bear.
The black bear is severely wounded.
The black bear bites you but does no damage.
The black bear barely misses you. The black bear closely misses you.
You hit the black bear but do no damage.
The black bear is severely wounded.
The black bear bites you!
The black bear claws you but does no damage. x2
You closely miss the black bear.
The black bear is severely wounded.
The black bear bites you but does no damage.
The black bear barely misses you. The black bear closely misses you. x2
The black bear claws you. The black bear barely misses you.
You barely miss the black bear.
The black bear is heavily wounded.
The black bear bites you but does no damage.
The black bear claws you but does no damage. x2
You hit the black bear.
The black bear is severely wounded.
The black bear goes berserk!
The black bear bites you!
* * * LOW HITPOINT WARNING * * *
The black bear barely misses you. You block the black bear's attack.
You hit the black bear.
The black bear is almost dead.
The black bear bites you.
* * * LOW HITPOINT WARNING * * *
The black bear barely misses you.
The black bear claws you but does no damage.
The black bear bites you but does no damage.
The black bear claws you but does no damage. x2
You feel better. The black bear bites you!
You die...

####..####..# #..#
##.## #..# ##.## #..#
##.## ########..#
##.## ..........##
##.## ...........##
##.#
#######.....##########
##.....h@....#
#...######..# . #..##
##.# .# #..# #.# ..#
#h.# #.# ...# #..# #.#
#...### ##..# #.#
#...###...## #.#
##.........# #.#


You could see a black bear (berserk).

Vanquished Creatures
  An iguana (D:4)
  Terence (D:2)
  Robin (D:2)
  2 adders
  A worm (D:2)
  2 dart slugs (D:1)
  2 orcs (D:3)
  2 endoplasms
  A giant cockroach (D:1)
  6 hobgoblins
  2 jackals (D:1)
  4 quokkas
  4 ball pythons
  4 bats
  A frilled lizard (D:1)
  17 goblins
  6 kobolds
  2 rats (D:1)
59 creatures vanquished.

Notes
Turn   | Place    | Note
-------+----------+-------------------------------------------
     0 | D:1      | timneilson the Gargoyle Fighter began the quest for the
                  | Orb.
     0 | D:1      | Reached XP level 1. HP: 14/14 MP: 1/1
   201 | D:1      | Reached XP level 2. HP: 19/19 MP: 2/2
   652 | D:1      | Reached XP level 3. HP: 23/23 MP: 3/3
  1189 | D:2      | Noticed Robin
  1295 | D:2      | Killed Robin
  1296 | D:2      | Reached XP level 4. HP: 8/28 MP: 4/4
  1533 | D:2      | Noticed Terence
  1555 | D:2      | Killed Terence
  1766 | D:2      | Found a faded altar of an unknown god.
  2212 | D:3      | Reached skill level 1 in Dodging
  2287 | D:3      | Found a sacrificial altar of Ru.
  2405 | D:3      | Identified the ring "Xierph" {Fire rElec Dex+3 Stlth-}
  2879 | D:4      | Reached XP level 5. HP: 24/33 MP: 5/5
  3082 | D:4      | Noticed a black bear
  3117 | D:4      | Slain by a black bear

Illustrated notes

Levels and vault maps discovered:
D:1:      scummos_arrival_simple_crosswalls, layout_loops_ring, hex_medium
D:2:      layout_basic, hellmonk_ecumenical_altar_arch_garden, uniq_robin,
          uniq_terence
D:3:      layout_loops_ring, mainiacjoe_overflow_catwalk, corner_web_ring,
          chequers_serial_rivers_micro_b
D:4:      layout_layer_cave, okawaru_metal_pillars_1_2

Skill      XL: |  1  2  3  4 |
---------------+-------------+-----
Long Blades    | 2 |  2.7
Armour         | 4 |  4.2
Shields        | 4 |  4.2
Dodging        | 1 |  1.2
Fighting       | |  3.8

Action                   |  1- 3 |  4- 6 || total
-------------------------+-------+-------++-------
Melee: Long sword        |   129 |   104 ||   233
  Use: Scroll            |     4 |     3 ||     7
       Potion            |       |     1 ||     1
Armor: Scale mail        |    91 |    61 ||   152
Dodge: Dodged            |    66 |    60 ||   126
Block: Buckler           |    27 |    23 ||    50

Table legend: (Time is in decaauts)
 A = Elapsed time spent in this place.
 B = Non-inter-level travel time spent in this place.
 C = Inter-level travel time spent in this place.
 D = Time resting spent in this place.
 E = Time spent auto-exploring this place.
 F = Levels seen in this place.
 G = Mean time per level.
                   A        B        C        D        E       F      G
               +--------+--------+--------+--------+--------+-----+--------+
         Total |   3194 |   3143 |     51 |      5 |   2431 |   4 |  798.5 |
       Dungeon |   3194 |   3143 |     51 |      5 |   2431 |   4 |  798.5 |
               +--------+--------+--------+--------+--------+-----+--------+

Top non-repeatable levels by time:
     D:2: 1138 daAuts
     D:3: 901 daAuts
     D:1: 892 daAuts
     D:4: 261 daAuts
